 Dungeon Crawl Stone Soup version 0.31.0-11-ge490571c62 (webtiles) character file.

Game seed: 15655081165827275963

9526 qw the Nimble (level 11, -6/53 HPs)
             Began as a Spriggan Hunter on Feb 4, 2024.
             Was a High Priest of Okawaru.
             Killed by the air
             ... invoked by a wind drake
              (15 damage)
             ... on level 2 of the Lair of Beasts.
             The game lasted 00:03:20 (8898 turns).

qw the Nimble (Spriggan Hunter)                     Turns: 8898, Time: 00:03:20

Health: -6/53      AC:  6    Str:  7    XL:     11   Next: 24%
Magic:  19/19      EV: 34    Int: 11    God:    Okawaru [*****.]
Gold:   532        SH:  0    Dex: 23    Spells: 10/10 levels left

rFire   . . .        f - +3 arbalest (freeze)
rCold   . . .        (shield currently unavailable)
rNeg    . . .        c - +0 robe
rPois   .            (helmet restricted)
rElec   .            (no cloak)
rCorr   .            (gloves unavailable)
SInv    +            (boots unavailable)
Will    +....        m - amulet of regeneration
Stlth   ++           g - +5 ring of evasion
HPRegen 1.08/turn    j - +4 ring of protection
MPRegen 0.16/turn

%: no passive effects
@: very quick
A: very small, no large weapons, unfitting armour, see invisible, speed 3
a: Renounce Religion, Heroism, Finesse, Duel


You were on level 2 of the Lair of Beasts.
You worshipped Okawaru.
Okawaru was extremely pleased with you.
You visited 2 branches of the dungeon, and saw 10 of its levels.
You also visited: Ossuary.

You collected 532 gold pieces.


Innate Abilities, Weirdness & Mutations

You are very small and have problems with some larger weapons.
You are too small for most types of armour.
You have supernaturally acute eyesight. (SInv)
You cover ground extremely quickly. (Speed+++)


   Skills:
 - Level 4.0 Fighting
 + Level 11.8 Ranged Weapons
 - Level 12.0 Dodging
 - Level 1.5 Stealth
 + Level 9.5 Invocations


You had 10 spell levels left.
You didn't know any spells.
Your spell library was empty.

Inventory:

Hand Weapons
 f - a +3 arbalest of freezing (weapon)
Armour
 c - a +0 robe (worn)
Jewellery
 g - a +5 ring of evasion (left hand)
 j - a +4 ring of protection (right hand)
 m - an amulet of regeneration (around neck)
 p - a +4 ring of slaying {mikee}
Wands
 b - a wand of charming (9)
 k - a wand of digging (13)
 o - a wand of iceblast (7)
Scrolls
 h - 2 scrolls of teleportation
Potions
 a - 2 potions of mutation
 d - 3 potions of enlightenment
 e - a potion of brilliance {unknown}
 i - a potion of curing
 l - 2 potions of lignification {unknown}

Dungeon Overview and Level Annotations

Branches:
Dungeon (8/15)             Temple (0/1) D:7            Lair (2/5) D:8
 Shoals (0/4) Lair:2      Ossuary (visited)
  Snake: Lair:2-3    Spider: Lair:2-3

Altars:
Hepliaklqana
Kikubaaqudgha
Okawaru
Wu Jian
Xom
Yredelemnul

Shops:
D:7 (   D:8 =

Portals:
Bailey: D:7

Annotations:
Lair:2 2 transporters, qw's ghost, journeyman GrHu


Message History

The wind drake flaps its wings at you. The air twists around and strikes you!!
8773 ||| FLEEEEING.
8774 ||| FLEEEEING.
The wind drake flaps its wings at you. The air twists around and strikes you!
8775 ||| READING 3 scrolls of teleportation.
As you read the scroll of teleportation, it crumbles to dust.
You feel strangely unstable.
8776 ||| DRINKING potion of heal wounds.
You feel much better.
You shoot a bolt. The bolt closely misses the wind drake.
Your surroundings suddenly seem different.
You start resting.
HP restored.
You see here 6 stones.
You see here a +0 ring mail.
You see here a +0 rapier.
Found a chain mail and a pair of shimmering gloves.
Qw's ghost turns its malevolent gaze towards you.
You hear an angry hiss.
The moth of wrath's fur bristles in rage as it notices you.
Found a staircase to the Shoals.
You shoot a bolt. The bolt barely misses the wind drake.
The wind drake hisses angrily.
The wind drake flaps its wings at you. The air twists around and strikes you!!
Ouch! That really hurt!
8894 ||| FLEEEEING.
You shoot a bolt. The bolt barely misses the wind drake.
You shoot a bolt. The bolt barely misses the wind drake.
You shoot a bolt. The bolt barely misses the wind drake.
The wind drake flaps its wings at you. The air twists around and strikes you!
You shoot a bolt. The bolt barely misses the wind drake.
The wind drake flaps its wings at you. The air twists around and strikes you!
The wind drake flaps its wings at you. The air twists around and strikes you!
You die...

.................................
.................................
.................................
.........k.............#####..##.
%##.#......#.P...##...###.##P.#..
#.#.#......#.#.>k##...##.........
...##...%...+....#..>.#..........
...........P#....##....#.......P.
...#............@#....###.#..###.
...##......##P.##.....##.#..#.##.
+###.......###.#.#...............
.##.#............................
..>..............................
..........................)......
..........####.^.####............
........###. #####..##...........
.#.....## .#.y![[. ..#.......P##.


You could see a wind drake (repels missiles).

Vanquished Creatures
  A manticore (Lair:2)
  A black mamba (Lair:2)
  7 cane toads
  A rime drake (Lair:2)
  A kobold demonologist (D:8)
  7 komodo dragons
  2 wyverns (Lair:2)
  3 yaks (Lair:1)
  4 water moccasins
  2 orc warriors
  A black bear (Lair:1)
  4 sky beasts
  2 ice beasts
  A centaur (D:7)
  6 kobold brigands (D:8)
  A phantom (D:6)
  5 bullfrogs
  2 scorpions
  4 killer bees (D:8)
  2 electric eels (Lair:1)
  A human zombie (Ossuary)
  A jelly (D:6)
  A hound (D:7)
  3 orc priests
  2 gnoll boudas
  2 iguanas
  11 orc wizards
  3 sleepcaps
  Natasha (twice) (D:3 D:2)
  3 hound zombies (Ossuary)
  A mummy (D:6)
  16 gnolls
  9 adders
  3 shadow imps
  4 ufetubi
  7 adder zombies (Ossuary)
  5 dart slugs
  23 orcs
  6 ball pythons
  4 bats (D:1)
  5 endoplasms
  4 giant cockroaches
  A gnoll zombie (Ossuary)
  11 goblins
  7 hobgoblins
  7 jackals
  30 kobolds
  2 quokkas
  3 training dummies (D:7)
  10 frilled lizards
  2 jackal zombies (Ossuary)
  8 kobold skeletons (D:8)
  15 kobold zombies
  3 orc zombies (Ossuary)
  3 rats (D:2)
275 creatures vanquished.

Notes
Turn   | Place    | Note
-------+----------+-------------------------------------------
     0 | D:1      | qw the Spriggan Hunter began the quest for the Orb.
     0 | D:1      | Reached XP level 1. HP: 10/10 MP: 2/2
     0 | D:1      | 0 ||| qw: Version: 0.3-a-160-g6735b56
     0 | D:1      | 0 ||| qw: Game counter: 5806
     0 | D:1      | 0 ||| qw: Melee chars always use a shield: true
     0 | D:1      | 0 ||| qw: God list: Okawaru
     0 | D:1      | 0 ||| qw: Allow faded altars: false
     0 | D:1      | 0 ||| qw: Do Orc after clearing Dungeon:15 true
     0 | D:1      | 0 ||| qw: Do second Lair branch before Depths: true
     0 | D:1      | 0 ||| qw: Lair rune preference: random
     0 | D:1      | 0 ||| qw: Goals: Normal
     0 | D:1      | 0 ||| PLANNING D:1-11
    18 | D:1      | Reached skill level 3 in Dodging
    66 | D:1      | Reached XP level 2. HP: 14/14 MP: 3/3
   102 | D:1      | Reached skill level 4 in Dodging
   255 | D:1      | Reached XP level 3. HP: 18/18 MP: 4/4
   768 | D:1      | 768 ||| UPGRADING to +5 ring of evasion.
   769 | D:1      | 769 ||| DROPPING ring of magical power.
   770 | D:1      | 770 ||| READING 2 scrolls labelled VESHUPR TUNUEX.
   770 | D:1      | 770 ||| IDENTIFYING ruby potion
   771 | D:1      | 771 ||| READING scroll of identify.
   771 | D:1      | 771 ||| IDENTIFYING cyan potion
   772 | D:1      | 772 ||| READING scroll labelled WOELYLE UTHOFEKH.
   773 | D:1      | 773 ||| DRINKING 2 pink potions.
   774 | D:1      | 774 ||| DROPPING scroll of butterflies.
   775 | D:1      | 775 ||| DROPPING potion of magic.
  1033 | D:2      | Found an iron altar of Okawaru.
  1034 | D:2      | 1034 ||| PLANNING OKAWARU WORSHIP
  1036 | D:2      | 1036 ||| READING scroll labelled PYETHA HIDOLU.
  1056 | D:2      | 1056 ||| FLEEEEING.
  1058 | D:2      | 1058 ||| FLEEEEING.
  1059 | D:2      | 1059 ||| FLEEEEING.
  1064 | D:2      | 1064 ||| FLEEEEING.
  1124 | D:2      | HP: 4/18 [poisoned by an adder]
  1125 | D:2      | Reached XP level 4. HP: 5/22 MP: 5/5
  1129 | D:2      | HP: 2/22 [poisoned by an adder]
  1217 | D:2      | 1217 ||| READING scroll labelled NIS YMOHEIM.
  1217 | D:2      | Identified a scroll of acquirement
  1217 | D:2      | 1217 ||| ACQUIRING +0 arbalest of freezing
  1217 | D:2      | Acquired a +0 arbalest of freezing
  1219 | D:2      | 1219 ||| SWAPPING to +0 arbalest of freezing.
  1220 | D:2      | 1220 ||| DROPPING +0 shortbow.
  1221 | D:2      | 1221 ||| READING scroll labelled JIPLEH KUIH.
  1234 | D:2      | Became a worshipper of Warmaster Okawaru
  1235 | D:2      | 1235 ||| PLANNING D:1-11
  1405 | D:2      | Found a faded altar of an unknown god.
  1734 | D:2      | 1734 ||| DROPPING amulet of magic regeneration.
  1735 | D:2      | 1735 ||| READING 3 scrolls of identify.
  1735 | D:2      | 1735 ||| IDENTIFYING black potion
  1736 | D:2      | 1736 ||| READING 2 scrolls of identify.
  1736 | D:2      | 1736 ||| IDENTIFYING fuming purple potion
  1737 | D:2      | 1737 ||| READING scroll of identify.
  1737 | D:2      | 1737 ||| IDENTIFYING scroll labelled QIYZAI PEOW
  1738 | D:2      | 1738 ||| READING scroll labelled WORUDGH KUTERCHUPOG.
  1739 | D:2      | 1739 ||| DROPPING potion of attraction.
  1740 | D:2      | 1740 ||| DROPPING potion of degeneration.
  1742 | D:2      | 1742 ||| Stepping ~*~*~tactically~*~*~ (cloud).
  1751 | D:2      | HP: 5/22 [poisoned by you (poison gas)]
  1889 | D:3      | Noticed Natasha
  1892 | D:3      | 1892 ||| STAIRDANCE
  1996 | D:3      | 1996 ||| STAIRDANCE
  2003 | D:2      | Reached skill level 5 in Dodging
  2013 | D:3      | Killed Natasha
  2017 | D:3      | 2017 ||| STAIRDANCE
  2023 | D:3      | Noticed an ice beast
  2024 | D:3      | 2024 ||| STAIRDANCE
  2035 | D:2      | HP: 5/23 [poisoned by an adder]
  2036 | D:2      | 2036 ||| READING scroll of teleportation.
  2037 | D:2      | 2037 ||| DRINKING 2 potions of heal wounds.
  2066 | D:3      | Noticed Natasha
  2074 | D:3      | 2074 ||| STAIRDANCE
  2078 | D:2      | Killed an ice beast
  2079 | D:2      | Reached XP level 5. HP: 20/26 MP: 6/6
  2082 | D:2      | Killed Natasha
  2083 | D:2      | Reached skill level 6 in Ranged Weapons
  2214 | D:3      | Reached XP level 6. HP: 30/30 MP: 7/7
  2267 | D:3      | Found a basalt altar of Yredelemnul.
  2356 | D:3      | Found a hazy altar of Hepliaklqana.
  2872 | D:3      | 2872 ||| UPGRADING to +4 ring of protection.
  2873 | D:3      | 2873 ||| READING scroll labelled HUD SAEGOESU.
  2874 | D:3      | 2874 ||| READING scroll labelled GENNER OTAFUOL.
  2894 | D:4      | 2894 ||| STAIRDANCE
  2919 | D:4      | 2919 ||| STAIRDANCE
  2922 | D:3      | Reached * piety under Okawaru
  2923 | D:3      | Reached skill level 6 in Dodging
  2925 | D:4      | 2925 ||| STAIRDANCE
  3221 | D:4      | 3221 ||| RETREEEEATING.
  3229 | D:4      | Reached skill level 1 in Invocations
  3487 | D:4      | Reached XP level 7. HP: 35/35 MP: 9/9
  3713 | D:4      | 3713 ||| READING scroll of identify.
  3713 | D:4      | 3713 ||| IDENTIFYING fizzy emerald potion
  3768 | D:5      | Entered Level 5 of the Dungeon
  3992 | D:5      | Found an ornate altar of the Wu Jian Council.
  4005 | D:5      | Reached skill level 3 in Invocations
  4067 | D:5      | Found a shimmering altar of Xom.
  4077 | D:5      | Identified the +6 flail of Wocusos {venom, Str+3 Dex+5}
  4260 | D:5      | Reached ** piety under Okawaru
  4683 | D:5      | 4683 ||| READING 2 scrolls of identify.
  4683 | D:5      | 4683 ||| IDENTIFYING scroll labelled VOETASTIXOA
  4684 | D:5      | 4684 ||| READING scroll of enchant weapon.
  4684 | D:5      | 4684 ||| ENCHANTING +0 arbalest of freezing.
  4685 | D:5      | 4685 ||| READING scroll of identify.
  4685 | D:5      | 4685 ||| IDENTIFYING scroll labelled DEFOGE RAILUPH
  4686 | D:5      | 4686 ||| DROPPING scroll of immolation.
  4723 | D:6      | 4723 ||| PLANNING OSSUARY
  4736 | D:6      | Reached skill level 7 in Dodging
  4765 | D:6      | Found a sand-covered staircase.
  4780 | Ossuary  | Entered an ossuary
  4846 | Ossuary  | Reached XP level 8. HP: 39/39 MP: 12/12
  4890 | D:6      | 4890 ||| PLANNING D:1-11
  5398 | D:6      | Reached skill level 3 in Fighting
  5589 | D:7      | 5589 ||| STAIRDANCE
  5595 | D:7      | 5595 ||| STAIRDANCE
  5643 | D:7      | Reached *** piety under Okawaru
  5644 | D:7      | Reached skill level 8 in Dodging
  5657 | D:7      | Found a staircase to the Ecumenical Temple.
  5672 | D:7      | 5672 ||| READING scroll of enchant weapon.
  5672 | D:7      | 5672 ||| ENCHANTING +1 arbalest of freezing.
  5759 | D:7      | Found Qupoum's Firing Range.
  5782 | D:7      | Reached skill level 9 in Ranged Weapons
  5850 | D:7      | Reached skill level 9 in Dodging
  5850 | D:7      | Reached XP level 9. HP: 44/44 MP: 13/13
  6033 | D:7      | Found a flagged portal.
  6402 | D:8      | Found a staircase to the Lair.
  6406 | D:8      | Noticed a komodo dragon
  6415 | D:8      | 6415 ||| INVOKING Heroism.
  6418 | D:8      | Killed a komodo dragon
  6464 | D:8      | 6464 ||| RETREEEEATING.
  6465 | D:8      | 6465 ||| RETREEEEATING.
  6466 | D:8      | 6466 ||| RETREEEEATING.
  6474 | D:8      | HP: 8/44 [killer bee (5)]
  6475 | D:8      | 6475 ||| READING 2 scrolls of teleportation.
  6476 | D:8      | 6476 ||| DRINKING potion of heal wounds.
  6477 | D:8      | Found Usagrurph's Jewellery Shoppe.
  6581 | D:8      | 6581 ||| SHOPLISTING +5 ring of evasion (504 gold, have
                  | 358).
  6581 | D:8      | 6581 ||| SHOPLISTING amulet of reflection (420 gold, have
                  | 358).
  6581 | D:8      | 6581 ||| SHOPLISTING ring of Saqo {rC+ Will+ MP-9 Str+6
                  | Dex+8} (749 gold, have 358).
  6730 | D:8      | Reached **** piety under Okawaru
  6731 | D:8      | Reached skill level 10 in Dodging
  7019 | D:8      | Found an ancient bone altar of Kikubaaqudgha.
  7027 | D:8      | Noticed a kobold demonologist
  7028 | D:8      | 7028 ||| INVOKING Finesse.
  7029 | D:8      | 7029 ||| INVOKING Finesse.
  7035 | D:8      | Noticed a rust devil
  7036 | D:8      | Killed a kobold demonologist
  7312 | D:8      | 7312 ||| PLANNING LAIR
  7312 | D:8      | 7312 ||| READING scroll of identify.
  7312 | D:8      | 7312 ||| IDENTIFYING bubbling blue potion
  7318 | Lair:1   | Entered Level 1 of the Lair of Beasts
  7336 | Lair:1   | Noticed a cane toad
  7337 | Lair:1   | 7337 ||| INVOKING Finesse.
  7339 | Lair:1   | 7339 ||| INVOKING Finesse.
  7343 | Lair:1   | Killed a cane toad
  7344 | Lair:1   | Reached XP level 10. HP: 49/49 MP: 9/15
  7397 | Lair:1   | Reached skill level 11 in Dodging
  7397 | Lair:1   | Reached skill level 6 in Invocations
  7413 | Lair:1   | Reached ***** piety under Okawaru
  7542 | Lair:1   | Noticed a cane toad
  7551 | Lair:1   | 7551 ||| INVOKING Finesse.
  7554 | Lair:1   | Killed a cane toad
  7914 | Lair:1   | Received a gift from Okawaru
  8080 | Lair:1   | 8080 ||| UPGRADING to amulet of regeneration.
  8110 | Lair:2   | Noticed a black mamba
  8111 | Lair:2   | 8111 ||| INVOKING Finesse.
  8120 | Lair:2   | Killed a black mamba
  8152 | Lair:2   | Noticed a cane toad
  8153 | Lair:2   | 8153 ||| RETREEEEATING.
  8155 | Lair:2   | 8155 ||| RETREEEEATING.
  8157 | Lair:2   | 8157 ||| RETREEEEATING.
  8158 | Lair:2   | 8158 ||| RETREEEEATING.
  8159 | Lair:2   | 8159 ||| RETREEEEATING.
  8160 | Lair:2   | 8160 ||| INVOKING Finesse.
  8168 | Lair:2   | Killed a cane toad
  8255 | Lair:2   | Reached skill level 12 in Dodging
  8290 | Lair:2   | Found a transporter.
  8377 | Lair:2   | Noticed a manticore
  8378 | Lair:2   | 8378 ||| INVOKING Finesse.
  8379 | Lair:2   | HP: 10/49 [wind drake/the air (23)]
  8380 | Lair:2   | 8380 ||| READING 4 scrolls of teleportation.
  8380 | Lair:2   | HP: 4/49 [manticore/volley of spikes (7)]
  8381 | Lair:2   | 8381 ||| DRINKING 2 potions of heal wounds.
  8419 | Lair:2   | Found a transporter.
  8432 | Lair:2   | Noticed a six-headed hydra
  8436 | Lair:2   | Noticed a moth of wrath
  8439 | Lair:2   | Noticed qw's ghost (journeyman GrHu)
  8440 | Lair:2   | Noticed a black mamba
  8459 | Lair:2   | Noticed a cane toad
  8460 | Lair:2   | 8460 ||| INVOKING Finesse.
  8463 | Lair:2   | Killed a cane toad
  8464 | Lair:2   | Reached XP level 11. HP: 53/53 MP: 12/18
  8527 | Lair:2   | Reached skill level 9 in Invocations
  8634 | Lair:2   | Received a gift from Okawaru
  8665 | Lair:2   | 8665 ||| READING scroll of enchant weapon.
  8665 | Lair:2   | 8665 ||| ENCHANTING +2 arbalest of freezing.
  8773 | Lair:2   | 8773 ||| FLEEEEING.
  8774 | Lair:2   | 8774 ||| FLEEEEING.
  8774 | Lair:2   | HP: 4/53 [wind drake/the air (17)]
  8775 | Lair:2   | 8775 ||| READING 3 scrolls of teleportation.
  8776 | Lair:2   | 8776 ||| DRINKING potion of heal wounds.
  8888 | Lair:2   | Found a staircase to the Shoals.
  8894 | Lair:2   | 8894 ||| FLEEEEING.
  8898 | Lair:2   | HP: 9/53 [wind drake/the air (11)]
  8898 | Lair:2   | Killed from afar by a wind drake

Levels and vault maps discovered:
D:1:      lightli_arrival_noodles, layout_basic
D:2:      layout_basic, basic_altar, nicolae_ecumenical_lake_church,
          serial_bayou_lagoon_b
D:3:      layout_basic, overflow_temple_1_default,
          mainiacjoe_overflow_small_starburst, nicolae_kite_square_tiling_tiny,
          nicolae_figureground_pulse, uniq_natasha
D:4:      layout_basic, kennysheep_generic_room_16
D:5:      layout_basic, lemuel_doored_altar, lemuel_tele_altar, minmay_holes
D:6:      layout_loops_ring, nicolae_ossuary_entry_giza
D:7:      layout_loops_cross, minmay_temple_entry_arrows, enter_bailey_5,
          grunt_decor_resistance, nicolae_shop_firing_range
D:8:      wander_kiku_kobolds, layout_basic, david_lair_shrubbed, serial_shops,
          nicolae_shop_gaudy_bauble, kennysheep_generic_room_10
Lair:1:   layout_regular_city, serial_bayou_shore_b, lemuel_fruit_fields,
          lemuel_fruit_tree, serial_bayou_shore_a, serial_bayou_shore_b
Lair:2:   layout_regular_city, minmay_shoals_entry_beasts,
          gammafunk_ghost_berserking_beasts, nicolae_quartered_pool_medium

Skill      XL: |  1  2  3  4  5  6  7  8  9 10 11 |
---------------+----------------------------------+-----
Dodging        | 3 4 5 6 7 9 10 12 | 12.0
Ranged Weapons | 5 6 7 9 10 11 | 11.8
Fighting       | 2 3 4 |  4.0
Invocations    | 2 4 5 8 9 |  9.5
Stealth        | |  1.5

Action                     |  1- 3 |  4- 6 |  7- 9 | 10-12 || total
---------------------------+-------+-------+-------+-------++-------
   Fire: Shortbow          |   100 |       |       |       ||   100
         Arbalest          |       |   133 |   378 |   135 ||   646
 Invoke: Finesse           |       |       |     2 |     5 ||     7
         Heroism           |       |       |     1 |       ||     1
    Use: Scroll            |     4 |     9 |     7 |     3 ||    23
         Potion            |     1 |     1 |     1 |     2 ||     5
 Armour: Robe              |     9 |    28 |    79 |    20 ||   136
  Dodge: Dodged            |    46 |   124 |   326 |    43 ||   539

Table legend:
 A = Non-vault XP
 B = Vault XP
 C = Vault XP percentage of total XP
 D = Non-vault monster count
 E = Vault monster count
 F = Vault count percentage of total count
                 A         B        C        D         E       F
            +---------+---------+-------+---------+---------+-------
      Total |   11303 |    2306 |  16.9 |     187 |      88 |  32.0
            +---------+---------+-------+---------+---------+-------
        D:1 |      56 |       0 |   0.0 |      30 |       0 |   0.0
        D:2 |     259 |       0 |   0.0 |      23 |       0 |   0.0
        D:3 |     157 |      35 |  18.2 |      21 |       1 |   4.5
        D:4 |     237 |      15 |   6.0 |      12 |       1 |   7.7
        D:5 |     477 |       0 |   0.0 |      19 |       0 |   0.0
        D:6 |     602 |      20 |   3.2 |      20 |       3 |  13.0
        D:7 |    1125 |      14 |   1.2 |      20 |       7 |  25.9
        D:8 |     583 |    1488 |  71.8 |      14 |      55 |  79.7
     Lair:1 |    2944 |       0 |   0.0 |      13 |       0 |   0.0
     Lair:2 |    4863 |     580 |  10.7 |      15 |       1 |   6.2
    Ossuary |       0 |     154 | 100.0 |       0 |      20 | 100.0
            +---------+---------+-------+---------+---------+-------
